AoeStats
← Groove8733

Golden Pit

510059235Analyzed
1v1 RM · 2d ago on Sep 29, 2026· 108m 55s· 2 players
Game mode
Random Map
Map size
Tiny (2 player)
Population
200
Speed
Normal
Resources
Standard
Victory
Conquest
Starting age
Dark Age
Ending age
Imperial Age
RankedLock teamsTeams togetherTeam positionsShared explorationLock speedFull tech treeHidden civsTurbo modeCheats
Victory
Defeat
🇦🇺 Bohemians · Australia
643
+40
🇹🇷 Italians · Türkiye
697
-18
Groove8733
6:42 Loom
9:42 Feudal Age
11:05 Double-Bit Axe
13:43 Wheelbarrow
14:37 Horse Collar
20:30 Padded Archer Armor
20:58 Fletching
24:46 Castle Age
25:54 Hand Cart
26:13 Light Cavalry
26:26 Crossbowman
27:09 Husbandry
40:33 Imperial Age
40:41 Chemistry
40:12 Leather Archer Armor
40:02 Scale Barding Armor
39:54 Bodkin Arrow
42:18 Wagenburg Tactics
42:18 Hussite Reforms
47:01 Chain Barding Armor
47:12 Ring Archer Armor
46:42 Bracer
49:34 Redemption
49:25 Atonement
49:36 Fervor
52:11 Conscription
72:44 Heavy Plow
87:17 Sappers
87:08 Elite Hussite Wagon
89:21 Coinage
89:02 Guilds
90:09 Cavalier
90:53 Scale Mail Armor
91:03 Forging
90:48 Guard Tower
91:19 Bombard Tower
91:22 Ballistics
90:54 Guard Tower
92:26 Bow Saw
92:52 Banking
SexeS
10:31 Loom
12:20 Feudal Age
16:58 Gold Mining
16:56 Double-Bit Axe
16:55 Horse Collar
23:41 Castle Age
22:17 Wheelbarrow
21:27 Town Watch
23:13 Stone Mining
24:47 Husbandry
25:29 Stone Shaft Mining
30:59 Padded Archer Armor
30:49 Fletching
31:10 Forging
30:54 Elite Skirmisher
32:20 Bow Saw
35:42 Imperial Age
33:54 Hand Cart
34:14 Leather Archer Armor
33:55 Bodkin Arrow
34:24 Heavy Plow
36:51 Iron Casting
36:22 Scale Barding Armor
36:57 Town Patrol
38:15 Cavalier
40:00 Blast Furnace
42:30 Masonry
42:12 Arrowslits
45:05 Architecture
44:56 Ballistics
45:56 Chemistry
44:53 Murder Holes
44:40 Treadmill Crane
44:51 Heated Shot
45:35 Ring Archer Armor
45:05 Bracer
45:27 Chain Barding Armor
45:09 Scale Mail Armor
50:07 Plate Barding Armor
54:27 Onager
73:13 Chain Mail Armor
72:56 Guard Tower
75:20 Onager
87:04 Light Cavalry
88:18 Bloodlines
91:12 Plate Mail Armor
90:55 Hussar
94:20 Two-Man Saw
94:01 Crop Rotation
Connection lost

Rejoining the realm…

Still unreachable

The connection could not be restored.

Session expired

The server has moved on; the page needs a fresh start.